 Dungeon Crawl Stone Soup version 0.23-a0-635-g88ca12a (webtiles) character file.

41 Ereth the Digger (level 3, -4/31 HPs)
             Began as a Troll Earth Elementalist on Dec 27, 2018.
             Slain by Sigmund
             ... wielding a +0 scythe
              (10 damage)
             ... on level 2 of the Dungeon.
             The game lasted 00:04:51 (1020 turns).

Ereth the Digger (Troll Earth Elementalist)         Turns: 1020, Time: 00:04:52

Health: -4/31      AC:  5    Str: 16    XL:     3   Next: 32%
Magic:  4/4        EV: 10    Int: 12    God:
Gold:   26         SH:  0    Dex: 10    Spells: 3/4 levels left

rFire    . . .     SeeInvis .   i - +1 dagger (protect)
rCold    . . .     Gourm    +   (no shield)
rNeg     . . .     Faith    .   c - +0 robe
rPois    .         Spirit   .   (helmet restricted)
rElec    .         Reflect  .   (no cloak)
rCorr    .         Harm     .   (gloves unavailable)
MR       .....                  (boots unavailable)
Stlth    +.........             (no amulet)
HPRegen  0.50/turn              (no ring)
MPRegen  0.09/turn              (no ring)

@: no status effects
A: large, unfitting armour, claws 3, fast metabolism 3, gourmand, regeneration
1, shaggy fur 1, tough skin 2
a: no special abilities


You were on level 2 of the Dungeon.
You were not hungry.

You visited 1 branch of the dungeon, and saw 2 of its levels.

You collected 26 gold pieces.

Inventory:

Hand Weapons
 i - a +1 dagger of protection (weapon)
 k - a +0 hand axe
 n - a +0 quarterstaff
Missiles
 a - 23 sling bullets
 b - 121 stones (quivered)
 g - 20 arrows
 j - 9 poisoned needles
Armour
 c - a +0 robe (worn)
Scrolls
 f - a scroll of teleportation
Potions
 e - a potion of magic
 m - a potion of brilliance {unknown}
Comestibles
 d - 6 rations


   Skills:
 + Level 0.2 Fighting
 + Level 0.1 Short Blades
 + Level 0.1 Axes
 + Level 2.0 Dodging
 + Level 1.1 Stealth
 + Level 0.2 Unarmed Combat
 + Level 1.4 Spellcasting
   Level 0.6 Transmutations
 + Level 3.3 Earth Magic


You had 3 spell levels left.
You knew the following spells:

 Your Spells              Type           Power        Failure   Level  Hunger
a - Sandblast             Erth           #.....       8%          1    ##.....

Your spell library contained the following spells:

 Spells                   Type           Power        Failure   Level  Hunger
 Passwall                 Tmut/Erth      #.......     21%         2    ###....
 Stone Arrow              Conj/Erth      #.....       41%         3    ####...
 Petrify                  Tmut/Erth      #.......     78%         4    #####..
 Lee's Rapid Deconstruct  Erth           #.........   90%         5    ######.


Dungeon Overview and Level Annotations

Branches:
Dungeon (2/15)

Altars:

Annotations:
D:2 Sigmund


Innate Abilities, Weirdness & Mutations

You are too large for most types of armour.
You have claws for hands.
Your metabolism is lightning-fast.
You like to eat raw meat.
Your natural rate of healing is unusually fast.
You are covered in fur. (AC +1)
You have very tough skin. (AC +2)


Message History

The giant cockroach bites you but does no damage.
You bump into the rock wall.
The giant cockroach bites you but does no damage.
You hit the giant cockroach but do no damage.
Your weapon exudes an aura of protection.
You feel less confused.
Sigmund hits you from afar with a +0 scythe.
* * * LOW HITPOINT WARNING * * *
The giant cockroach barely misses you.
You hit the giant cockroach but do no damage.
The giant cockroach barely misses you. Sigmund hits you but does no damage.
The giant cockroach bites you but does no damage.
The giant cockroach closely misses you.
Your magical contamination has completely faded away.
Sigmund gestures at you while chanting. The puff of flame hits you!
* * * LOW HITPOINT WARNING * * *
The giant cockroach closely misses you. Sigmund hits you with a +0 scythe!
You die...

########...
#######........##
.......<.......#
#.###..........#
#.##...........# # #.#
#..........# #.
####.####.........#
#.###..s....##........#
###..##.@@....###.......#
#.............# #.##.#..#
#.##.##.......# #.#>.#..#
#.##.......# #.......# #
#.##.......# #.......#
#.##.##.......# #......##
#.......####### #...##.#
##.#....# #..###.# #
#....# #......#


You could see Sigmund and a giant cockroach.

Vanquished Creatures
  3 adders (D:2)
  A dart slug (D:2)
  A leopard gecko (D:1)
  2 bats
  A kobold (D:1)
  A ball python (D:1)
  2 frilled lizards
  A goblin (D:1)
  3 rats
15 creatures vanquished.

Notes
Turn   | Place    | Note
-------+----------+-------------------------------------------
     0 | D:1      | Ereth the Troll Earth Elementalist began the quest for the
                  | Orb.
     0 | D:1      | Reached XP level 1. HP: 16/16 MP: 1/1
   180 | D:1      | Reached skill level 3 in Earth Magic
   689 | D:2      | Reached XP level 2. HP: 24/24 MP: 2/2
   843 | D:2      | Reached XP level 3. HP: 4/31 MP: 4/4
   986 | D:2      | Noticed Sigmund
  1020 | D:2      | Slain by Sigmund

Vault maps used:
D:1:      scummos_arrival_simple_crosswalls
D:2:      uniq_sigmund

Skill      XL: |  1  2  3 |
---------------+----------+-----
Earth Magic    | 3 |  3.3
Dodging        | 2 |  2.0
Fighting       | |  0.2
Short Blades   | |  0.1
Axes           | |  0.1
Stealth        | |  1.1
Unarmed Combat | |  0.2
Spellcasting   | |  1.4
Transmutations | |  0.6

Action                   || total
-------------------------++-------
Melee: Unarmed           ||    19
       Dagger            ||    15
       Hand axe          ||    16
       Quarterstaff      ||    11
 Cast: Sandblast         ||     8
  Use: Scroll            ||     5
       Potion            ||     1
  Eat: Chunk             ||    10
Armor: Robe              ||    51
Dodge: Dodged            ||    48

Table legend:
 A = Non-vault XP
 B = Vault XP
 C = Vault XP percentage of total XP
 D = Non-vault monster count
 E = Vault monster count
 F = Vault count percentage of total count
                 A         B        C        D         E       F
            +---------+---------+-------+---------+---------+-------
      Total |      59 |       0 |   0.0 |      15 |       0 |   0.0
            +---------+---------+-------+---------+---------+-------
        D:1 |      11 |       0 |   0.0 |       7 |       0 |   0.0
        D:2 |      48 |       0 |   0.0 |       8 |       0 |   0.0
            +---------+---------+-------+---------+---------+-------
